 Dungeon Crawl Stone Soup version 0.30-a0-149-g7f746667c4 (webtiles) character file.

Game seed: 3181501523552084757

289 Lexip the Stinger (level 6, -13/43 HPs)
             Began as a Demonspawn Venom Mage on Sept 23, 2022.
             Was an Initiate of Wu Jian.
             Mangled by an ice beast (14 damage)
             ... on level 5 of the Dungeon on Sept 26, 2022.
             The game lasted 00:24:05 (2783 turns).

Lexip the Stinger (Demonspawn Venom Mage)           Turns: 2783, Time: 00:24:06

Health: -13/43     AC:  5    Str:  9    XL:     6   Next: 9%
Magic:  10/10      EV: 12    Int: 18    God:    Wu Jian [......]
Gold:   105        SH:  0    Dex: 19    Spells: 9/10 levels left

rFire   . . .      SeeInvis .    j - +4 quarterstaff (chaos)
rCold   . . .      Faith    .    (shield currently unavailable)
rNeg    . . .      Spirit   .    G - +0 leather armour
rPois   .          Reflect  .    (no helmet)
rElec   .          Harm     .    (no cloak)
rCorr   .          Rampage  .    (no gloves)
Will    .....                    (no boots)
Stlth   ++........               (no amulet)
HPRegen 0.14/turn                B - +4 ring of slaying
MPRegen 0.12/turn                v - +6 ring of dexterity

@: no status effects
A: hooves 1, icy blue scales 1
a: Renounce Religion


You were on level 5 of the Dungeon.
You worshipped Wu Jian.
Wu Jian was noncommittal.
You visited 1 branch of the dungeon, and saw 5 of its levels.

You collected 105 gold pieces.

Inventory:

Hand Weapons
 c - a +0 mace
 d - a +0 dagger
 h - a +0 spear
 i - a +1 dagger of speed
 j - a +4 quarterstaff of chaos (weapon)
 k - a +0 short sword of electrocution
 l - a +0 spear
 m - a +0 short sword
 o - a +0 dagger
 t - a +0 hand axe
 u - a +0 quarterstaff
 w - a +0 dagger of holy wrath
 y - a +0 hammer
 A - a +0 dagger
 E - a +0 flail
 F - a +0 short sword
Missiles
 f - 18 stones
 z - a boomerang
Armour
 a - a +0 robe
 x - a +0 cloak
 G - a +0 leather armour (worn)
 H - a +0 robe
Jewellery
 e - a ring of ice
 v - a +6 ring of dexterity (right hand)
 B - a +4 ring of slaying (left hand)
Scrolls
 n - a scroll of immolation {unknown}
 p - a scroll of teleportation {unknown}
 r - a scroll of summoning {unknown}
 C - a scroll of identify {unknown}
 D - a scroll of enchant armour {unknown}
Potions
 g - a potion of brilliance {unknown}
 s - a potion of ambrosia {unknown}
 I - a potion of lignification {unknown}


   Skills:
 + Level 1.3 Fighting
 + Level 1.9 Short Blades
 + Level 0.3(0.4) Maces & Flails
 + Level 0.3(0.4) Staves
 + Level 2.3 Dodging
 + Level 2.4 Stealth
 + Level 2.9 Spellcasting
 + Level 2.1 Transmutations
 + Level 4.2 Poison Magic


You had 9 spell levels left.
You knew the following spells:

 Your Spells              Type           Power      Damage    Failure   Level
a - Sting                 Tmut/Pois      56%        1d5       6%          1

Your spell library contained the following spells:

 Spells                   Type           Power      Damage    Failure   Level
 Poisonous Vapours        Pois/Air       20%        N/A       14%         2
 Foxfire                  Conj/Fire      8%         2x1d4     24%         1
 Mephitic Cloud           Conj/Pois/Air  7%         N/A       36%         3
 Olgreb's Toxic Radiance  Pois           18%        N/A       36%         4


Dungeon Overview and Level Annotations

Branches:
Dungeon (5/15)
 Temple: D:4-7

Altars:
Wu Jian


Innate Abilities, Weirdness & Mutations

You have large cloven feet.
You are partially covered in icy blue scales. (AC +2)


Message History

You barely miss the ice beast. The ice beast hits you.
The ice beast freezes you!
Casting: Sting (safe; 6% risk of failure)
Confirm with . or Enter, or press ? or * to list all spells.
Aiming: Sting (safe; 6% risk of failure)
Press: ? - help, Shift-Dir - straight line, f/p - ice beast
Aim: an ice beast (71% to hit)
The sting hits the ice beast but does no damage.
The ice beast is poisoned.
The ice beast hits you. The ice beast freezes you!
* * * LOW HITPOINT WARNING * * *
The ice beast attacks as you move away! The ice beast barely misses you.
The ice beast attacks as you move away! The ice beast barely misses you.
Things that are here:
a +0 dagger; an orc corpse
Casting: Sting (safe; 6% risk of failure)
Confirm with . or Enter, or press ? or * to list all spells.
Okay, then.
Memorise Foxfire, consuming 1 spell level and leaving 8?
Okay, then.
Casting: Sting (safe; 6% risk of failure)
Confirm with . or Enter, or press ? or * to list all spells.
Aiming: Sting (safe; 6% risk of failure)
Press: ? - help, Shift-Dir - straight line, f/p - ice beast
Aim: an ice beast (lightly wounded, poisoned, 71% to hit)
The sting misses the ice beast.
The ice beast closely misses you.
Unknown command.
Magic courses through your body. The ice beast closely misses you.
It was a potion of curing.
You feel better. The ice beast hits you. The ice beast freezes you!
* * * LOW HITPOINT WARNING * * *
Unknown command.
The ice beast attacks as you move away! The ice beast closely misses you.
There is an open door here.
The ice beast attacks as you move away!
The ice beast hits you but does no damage.
The ice beast looks more healthy.
The ice beast attacks as you move away! The ice beast hits you.
* * * LOW HITPOINT WARNING * * *
The ice beast freezes you!
You die...

#......# ##
#$Y....# .# #..#
.# #.######.#
#......#.#
#.##.###.#
#.##.....#
##.#....)#####
#..+....)Y@..#
###..#....)###.#
#....+.....# #.#
#########..# #.#
#..# #.# #####
#..# #.####
#.†.# #..#
#.#..# #...#
#..# #.#..#
#...# #.<.
#.#..#


You could see an ice beast.

Vanquished Creatures
  A necrophage (D:5)
  A hound (D:5)
  An orc priest (D:5)
  Crazy Yiuf (D:5)
  2 orc wizards (D:5)
  3 adders (D:2)
  An adder zombie (D:4)
  A worm (D:2)
  A dart slug (D:2)
  3 orcs
  5 ball pythons
  8 bats
  5 endoplasms
  A giant cockroach (D:1)
  7 goblins
  3 hobgoblins
  A quokka (D:1)
  2 frilled lizards (D:1)
  5 kobolds
  4 rats
  A bush (D:1)
57 creatures vanquished.

Notes
Turn   | Place    | Note
-------+----------+-------------------------------------------
     0 | D:1      | Lexip the Demonspawn Venom Mage began the quest for the
                  | Orb.
     0 | D:1      | Reached XP level 1. HP: 13/13 MP: 3/3
   263 | D:1      | Gained mutation: You have large cloven feet. [demonic
                  | ancestry]
   263 | D:1      | Reached XP level 2. HP: 18/19 MP: 0/5
   421 | D:1      | Found a faded altar of an unknown god.
   431 | D:1      | Got Plato's Volume of Bolts
   782 | D:1      | Reached skill level 1 in Transmutations
   859 | D:2      | Reached XP level 3. HP: 15/24 MP: 3/6
  1440 | D:3      | Found an ornate altar of the Wu Jian Council.
  1462 | D:3      | Became a worshipper of the Wu Jian Council
  1723 | D:2      | Reached XP level 4. HP: 30/30 MP: 7/7
  2081 | D:1      | Upgraded the game from 0.30-a0-137-gd8773701ce to
                  | 0.30-a0-149-g7f746667c4
  2364 | D:5      | Entered Level 5 of the Dungeon
  2396 | D:5      | Found a runed translucent door.
  2397 | D:5      | Noticed Crazy Yiuf
  2404 | D:5      | Killed Crazy Yiuf
  2405 | D:5      | Reached skill level 4 in Poison Magic
  2547 | D:5      | Noticed a necrophage
  2552 | D:5      | Killed a necrophage
  2553 | D:5      | Reached skill level 1 in Fighting
  2553 | D:5      | Reached skill level 1 in Short Blades
  2553 | D:5      | Reached XP level 5. HP: 37/37 MP: 7/9
  2651 | D:5      | Gained mutation: You are partially covered in icy blue
                  | scales. (AC +2) [demonic ancestry]
  2651 | D:5      | Reached XP level 6. HP: 33/43 MP: 6/10
  2762 | D:5      | Noticed an ice beast
  2783 | D:5      | HP: 1/43 [ice beast (4)]
  2783 | D:5      | Mangled by an ice beast

Illustrated notes

Levels and vault maps discovered:
D:1:      minmay_arrival_five_plusses, layout_basic,
          shapermc_ecumenical_altar_rom_forum, minmay_misc_feat_encased,
          minmay_hedge_maze
D:2:      layout_rooms, minmay_misc_feat_cross
D:3:      layout_loops_cross, nicolae_gozag_cash_rules_everything_around_me,
          nicolae_wu_jian_immortal_techniques
D:4:      layout_basic, lemuel_tele_altar, nicolae_yredelemnul_corpse_copse,
          zin_academy, uniq_robin, uniq_ijyb
D:5:      layout_basic, nicolae_kikubaaqudgha_miasma_corner,
          trog_three_pillars_becter, gammafunk_ghost_gnarly_gnolls,
          minivault_25, uniq_crazy_yiuf_cottage, uniq_blork_the_orc,
          uniq_sigmund

Skill      XL: |  1  2  3  4  5 |
---------------+----------------+-----
Stealth        | 2 |  2.4
Transmutations | 1 2 |  2.1
Dodging        | 2 |  2.3
Poison Magic   | 4 |  4.2
Fighting       | 1 |  1.3
Short Blades   | 1 |  1.9
Maces & Flails | |  0.3
Staves         | |  0.3
Spellcasting   | |  2.9

Action                   |  1- 3 |  4- 6 || total
-------------------------+-------+-------++-------
Melee: Mace              |     6 |       ||     6
       Spear             |    62 |       ||    62
       Kick              |    41 |    20 ||    61
       Short sword       |    40 |    39 ||    79
       Quarterstaff      |       |    15 ||    15
       Punch             |       |     1 ||     1
 Cast: Sting             |    45 |     8 ||    53
Invok: Lunge             |     2 |     1 ||     3
  Use: Scroll            |     2 |       ||     2
       Potion            |       |     2 ||     2
 Stab: Sleeping          |       |     1 ||     1
Armor: Robe              |    16 |    11 ||    27
       Leather armour    |       |     2 ||     2
Dodge: Dodged            |    46 |    30 ||    76

Table legend: (Time is in decaauts)
 A = Elapsed time spent in this place.
 B = Non-inter-level travel time spent in this place.
 C = Inter-level travel time spent in this place.
 D = Time resting spent in this place.
 E = Time spent auto-exploring this place.
 F = Levels seen in this place.
 G = Mean time per level.
                   A        B        C        D        E       F      G
               +--------+--------+--------+--------+--------+-----+--------+
         Total |   2792 |   2792 |      0 |    662 |    513 |   5 |  558.4 |
       Dungeon |   2792 |   2792 |      0 |    662 |    513 |   5 |  558.4 |
               +--------+--------+--------+--------+--------+-----+--------+

Top non-repeatable levels by time:
     D:2: 1030 daAuts
     D:1: 1028 daAuts
     D:5: 422 daAuts
     D:3: 270 daAuts
     D:4: 41 daAuts
